 Dungeon Crawl Stone Soup version 0.31-a0-408-gb642c7f9a3 (webtiles) character file.

Game seed: 4294990872598756548

60 LustLizard the Ruffian (level 4, -7/29 HPs)
             Began as an Octopode Shapeshifter on July 30, 2023.
             Was an Initiate of Gozag.
             Mangled by Sigmund
             ... wielding a +0 scythe
              (9 damage)
             ... on level 2 of the Dungeon.
             The game lasted 00:02:48 (1889 turns).

LustLizard the Ruffian (Octopode Shapeshifter)      Turns: 1889, Time: 00:02:49

Health: -7/29      AC:  1    Str: 14    XL:     4   Next: 4%
Magic:  4/4        EV: 13    Int: 12    God:    Gozag
Gold:   86         SH:  0    Dex: 12    Spells: 3/3 levels left

rFire   . .          .
                       - Unarmed
rCold   . . .        (no shield)
rNeg    . . .        (helmet currently unavailable)
rPois   .            (no amulet)
rElec   .            n - ring of wizardry
rCorr   .            (no ring)
SInv    .            (no ring)
Will    .....        (no ring)
Stlth   ++           (no ring)
HPRegen 0.24/turn    (no ring)
MPRegen 0.09/turn    (no ring)
                     (no ring)

%: wizardry (x1)
@: confused, beast-form
A: beast (slay +2), almost no armour, amphibious, 8 rings, camouflage 1,
gelatinous body 1, (nimble swimmer 1), tentacles
a: Begin Untransformation, Renounce Religion, Potion Petition, Call Merchant,
Bribe Branch


You were on level 2 of the Dungeon.
You worshipped Gozag.
Gozag was noncommittal.
You were a hulking beast.
You visited 1 branch of the dungeon, and saw 2 of its levels.

You collected 86 gold pieces.

Inventory:

Missiles
 o - 8 poisoned darts
Jewellery
 n - a ring of wizardry (left tentacle)
Talismans
 b - a beast talisman
Scrolls
 c - a scroll of revelation {unknown}
 d - a scroll of fog
 e - a scroll of teleportation {unknown}
 f - a scroll of blinking {unknown}
 j - a scroll of identify {unknown}
Potions
 a - a potion of lignification
 g - a potion of enlightenment {unknown}
 h - a potion of ambrosia {unknown}
 i - a potion of heal wounds {unknown}
 k - a potion of haste {unknown}
 l - a potion of attraction {unknown}
 m - a potion of mutation {unknown}


   Skills:
 + Level 1.8 Fighting
 - Level 2.0 Dodging
 + Level 2.0 Stealth
 * Level 3.8 Unarmed Combat
 + Level 3.2 Shapeshifting


You had 3 spell levels left.
You didn't know any spells.
Your spell library was empty.

Dungeon Overview and Level Annotations

Branches:
Dungeon (2/15)

Altars:
Gozag

Annotations:
D:2 Sigmund


Innate Abilities, Weirdness & Mutations

You are a hulking beast.
Your limbs bulge with bestial killing power. (Slay +2)
You cannot wear most types of armour.
You are amphibious.
You can wear up to eight rings at the same time.
Your skin changes colour to match your surroundings (Stealth+).
Your rubbery body absorbs attacks. (AC +1, EV +1)
((You are camouflaged when in or above water. (Stealth+)))
You have tentacles for arms and can constrict up to eight enemies at once.


Message History

Found a leather armour.
You now have 86 gold pieces (gained 6).
As you open the door, it creaks loudly!
There is an open door here.
There is an open door here.
You open the door.
There is an open door here.
You see here 5 stones.
Sigmund the Dreaded comes into view.
He is wielding a +0 scythe.
Sigmund shouts!
Sigmund barely misses you. Sigmund hits you with a +0 scythe.
You tentacle-slap Sigmund. Your grab misses Sigmund. You tentacle-slap Sigmund.
Your squeeze misses Sigmund.
Sigmund is moderately wounded.
You barely miss Sigmund. Your grab misses Sigmund.
Sigmund is moderately wounded.
Sigmund hits you with a +0 scythe!
You barely miss Sigmund. Your grab misses Sigmund.
Sigmund is moderately wounded.
Sigmund casts a spell at you.
You are confused.
You closely miss Sigmund.
Sigmund is moderately wounded.
You closely miss Sigmund.
Sigmund is moderately wounded.
Sigmund hits you with a +0 scythe.
You tentacle-slap Sigmund.
Sigmund is severely wounded.
Sigmund casts a spell at you.
You are more confused.
You bump into the rock wall.
Sigmund hits you with a +0 scythe!
* * * LOW HITPOINT WARNING * * *
You tentacle-slap Sigmund. Your squeeze misses Sigmund.
Sigmund is almost dead.
You barely miss Sigmund.
Your tentacle-slap misses Sigmund.
Sigmund is almost dead.
Sigmund hits you with a +0 scythe!
You die...
Your body crumbles into a pile of gold.

.......#.# #.###.#.#)......#
..#......# #.# #.#...>.###.#
.....#.### #.# #.#.....# #.#
.##....#####.# #.#.#######.#
.............###(..........#
.......#.#####........###.##
####.....###...######...#.#
..........#..###....###...##
####...#........h@....##...#
######.#.......######..#...#
.........<....## ##..#
######.##.....# #..# #
####.....# $ #..# .. #..#..#
$ #..# ## #..#..# $$ #..#
#..##.# ##..# #...# #...#


You could see Sigmund.

Vanquished Creatures
  2 adders (D:2)
  4 bats (D:1)
  4 endoplasms (D:1)
  2 giant cockroaches (D:1)
  A goblin (D:1)
  4 hobgoblins (D:1)
  2 kobolds (D:2)
  5 quokkas (D:1)
  7 ball pythons
  3 frilled lizards (D:1)
  5 rats
39 creatures vanquished.

Notes
Turn   | Place    | Note
-------+----------+-------------------------------------------
     0 | D:1      | LustLizard the Octopode Shapeshifter began the quest for
                  | the Orb.
     0 | D:1      | Reached XP level 1. HP: 13/13 MP: 1/1
   204 | D:1      | Reached XP level 2. HP: 17/18 MP: 2/2
   238 | D:1      | Reached skill level 1 in Stealth
   627 | D:1      | Reached XP level 3. HP: 23/23 MP: 3/3
  1553 | D:2      | Reached XP level 4. HP: 29/29 MP: 4/4
  1559 | D:2      | Found a faded altar of an unknown god.
  1566 | D:2      | Prayed at the altar of an unknown god.
  1566 | D:2      | Became a worshipper of Gozag Ym Sagoz the Greedy
  1876 | D:2      | Noticed Sigmund
  1889 | D:2      | Mangled by Sigmund

Illustrated notes

Levels and vault maps discovered:
D:1:      scummos_arrival_hexagon, layout_basic, serial_bayou_pond_b
D:2:      layout_basic, nicolae_ecumenical_snake_handling,
          minmay_randomly_rotated_circles, uniq_sigmund

Skill      XL: |  1  2  3 |
---------------+----------+-----
Stealth        | 1 2 |  2.0
Fighting       | |  1.8
Dodging        | |  2.0
Unarmed Combat | |  3.8
Shapeshifting  | |  3.2

Action                     |  1- 3 |  4- 6 || total
---------------------------+-------+-------++-------
  Melee: Unarmed           |    61 |    10 ||    71
         Constrict         |    12 |     1 ||    13
         Tentacles         |    11 |     1 ||    12
         Punch             |       |     1 ||     1
    Use: Scroll            |     1 |       ||     1
   Stab: Sleeping          |     6 |       ||     6
 Armour: Skin              |    10 |     1 ||    11
  Dodge: Dodged            |    34 |     1 ||    35

Table legend: (Time is in decaauts)
 A = Elapsed time spent in this place.
 B = Non-inter-level travel time spent in this place.
 C = Inter-level travel time spent in this place.
 D = Time resting spent in this place.
 E = Time spent auto-exploring this place.
 F = Levels seen in this place.
 G = Mean time per level.
                   A        B        C        D        E       F      G
               +--------+--------+--------+--------+--------+-----+--------+
         Total |   1883 |   1828 |     55 |      0 |   1508 |   2 |  941.5 |
       Dungeon |   1883 |   1828 |     55 |      0 |   1508 |   2 |  941.5 |
               +--------+--------+--------+--------+--------+-----+--------+

Top non-repeatable levels by time:
     D:1: 1264 daAuts
     D:2: 618 daAuts
